 Dungeon Crawl Stone Soup version 0.29-a0-323-g050149af67 (webtiles) character file.

Game seed: 16920432517716253447

7384 rabbitsville the Quickloader (level 10, -8/93 HPs)
             Began as a Minotaur Hunter on Apr 11, 2022.
             Mangled by a cane toad (11 damage)
             ... on level 8 of the Dungeon.
             The game lasted 00:40:23 (11229 turns).

rabbitsville the Quickloader (Minotaur Hunter)     Turns: 11229, Time: 00:40:24

Health: -8/93      AC: 13    Str: 24    XL:     10   Next: 92%
Magic:  9/9        EV:  9    Int:  9    God:
Gold:   385        SH:  7    Dex: 20    Spells: 9/9 levels left

rFire   + . .      SeeInvis .   b - +1 dagger (venom)
rCold   + . .      Faith    .   H - +0 buckler
rNeg    . . .      Spirit   .   r - +1 chain mail of Refuge {Str+4 Int+3}
rPois   .          Reflect  .   (helmet restricted)
rElec   .          Harm     .   L - scarf {rC+ rF+}
rCorr   .          Rampage  .   h - +0 pair of gloves
Will    +....                   (no boots)
Stlth   ..........              (no amulet)
HPRegen 0.25/turn               l - +6 ring of dexterity
MPRegen 0.11/turn               k - ring of willpower

@: mighty, brilliant, lethally poisoned (-8 -> -22)
A: horns 2, retaliatory headbutt
a: no special abilities


You were on level 8 of the Dungeon.
You visited 3 branches of the dungeon, and saw 11 of its levels.

You collected 385 gold pieces.

Inventory:

Hand Weapons
 a - a +1 hand crossbow
 b - a +1 dagger of venom (weapon)
 q - a +0 long sword of holy wrath
Missiles
 C - 2 throwing nets
Armour
 e - a +0 leather armour
 h - a +0 pair of gloves (worn)
 r - the +1 chain mail of Refuge (worn) {Str+4 Int+3}
   (You found it on level 2 of the Dungeon)

   Str:       It affects your strength (+4).
   Int:       It affects your intelligence (+3).
 G - a +0 tower shield
 H - a +0 buckler (worn)
 L - a scarf of resistance (worn)
Jewellery
 d - a ring of protection from cold
 k - a ring of willpower (right hand)
 l - a +6 ring of dexterity (left hand)
 u - a +6 ring of intelligence
 y - a ring of magical power
 B - a ring of protection from cold
Wands
 m - a wand of flame (30)
 s - a wand of mindburst (15)
 A - a wand of iceblast (17)
 D - a wand of paralysis (6)
Scrolls
 c - 3 scrolls of immolation
 f - 13 scrolls of identify
 j - 4 scrolls of teleportation
 n - 10 scrolls of magic mapping {unknown}
 x - a scroll of enchant weapon {unknown}
 z - 4 scrolls of silence {unknown}
 F - a scroll of fear {unknown}
 I - a scroll of blinking {unknown}
 J - a scroll of enchant armour {unknown}
 K - a scroll of fog {unknown}
Potions
 g - a potion of attraction {unknown}
 i - 2 potions of brilliance
 o - 2 potions of might
 p - 2 potions of flight {unknown}
 v - 2 potions of degeneration {unknown}
 w - a potion of resistance {unknown}
 E - a potion of mutation {unknown}


   Skills:
 + Level 10.0 Fighting
 - Level 12.0 Crossbows
 - Level 8.2 Armour
 - Level 2.1 Dodging
 - Level 0.7 Stealth
 + Level 9.6 Shields


You had 9 spell levels left.
You didn't know any spells.
Your spell library contained the following spells:

 Spells                   Type           Power      Damage    Failure   Level
 Sting                    Tmut/Pois      0%         1d3       96%         1
 Summon Small Mammal      Summ           0%         N/A       96%         1
 Poisonous Vapours        Pois/Air       0%         N/A       99%         2
 Call Canine Familiar     Summ           0%         N/A       100%        3
 Gell's Gravitas          Tloc           0%         N/A       100%        3
 Lesser Beckoning         Tloc           0%         N/A       100%        3
 Summon Guardian Golem    Hex/Summ       0%         N/A       100%        3
 Teleport Other           Tloc           0%         N/A       100%        3
 Olgreb's Toxic Radiance  Pois           0%         N/A       100%        4


Dungeon Overview and Level Annotations

Branches:
Dungeon (9/15)             Temple (1/1) D:4            Lair (1/6) D:8
    Orc (0/2) D:9

Altars:
Ashenzari
Cheibriados
Dithmenos
Fedhas
Gozag
Hepliaklqana
Kikubaaqudgha
Nemelex Xobeh
Okawaru
Qazlal
Ru
Sif Muna
Vehumet
Wu Jian
Xom
Yredelemnul

Shops:
D:6 [

Annotations:
D:2 1 runed translucent door, exclusion: door, Crazy Yiuf
D:3 Natasha


Innate Abilities, Weirdness & Mutations

You have a pair of horns on your head.
You reflexively headbutt those who attack you in melee.


Message History

The cane toad barely misses you. You furiously retaliate!
You headbutt the cane toad! The cane toad stings you!
You closely miss the cane toad. You headbutt the cane toad.
The cane toad is moderately wounded.
You feel very sick. The cane toad closely misses you.
You hit the cane toad but do no damage. You headbutt the cane toad!
The cane toad is heavily wounded.
You feel very sick. The cane toad stings you!
You are more poisoned.
The cane toad poisons you!
You hit the cane toad but do no damage.
The cane toad is heavily wounded.
You feel extremely sick. The cane toad barely misses you.
You hit the cane toad but do no damage. Your headbutt misses the cane toad.
The cane toad is heavily wounded.
You feel very sick. The cane toad stings you!
* * * LOW HITPOINT WARNING * * *
You feel better. The cane toad stings you!
* * * LOW HITPOINT WARNING * * *
The cane toad stings you but does no damage.
You hit the cane toad but do no damage.
The cane toad is heavily wounded.
The cane toad stings you!
* * * LOW HITPOINT WARNING * * *
It was a potion of brilliance.
You feel clever all of a sudden. The cane toad stings you.
* * * LOW HITPOINT WARNING * * *
You are lethally poisoned!
The cane toad poisons you!
It was a potion of might.
You feel very mighty all of a sudden.
* * * LOW HITPOINT WARNING * * *
You feel very sick. The cane toad stings you!
You die...

#.##...........# #....
#.##......#...## #....
#..........[########....
#######..................#....
#..................#####.#....
#.###...........P...# #.#####
#.# #......#'##.....## #.# #.#
#...[..#F†#...P..###.# #.#
##.....#.@#..........# #.#
#.....####......###.# #.#
#...................#
#.#####............#..##.# #
#....##.......P....#..##.# #
####.##...........##..##.# #
#.##.#.......##....##.#####
#.##.#.##...###.##..(.....)
#.##.#.##...###.##.(#.####.


You could see a cane toad.

Vanquished Creatures
  Pikel (D:7)
  A cane toad (Lair:1)
  A komodo dragon (Lair:1)
  Sigmund (D:2)
  9 yaks
  2 steam dragons (D:7)
  A warg (D:8)
  A water moccasin (D:8)
  An acid dragon (D:8)
  2 ice beasts
  3 black bears
  A hornet zombie (D:7)
  3 orc warriors (D:8)
  2 sky beasts (D:8)
  5 ogres
  5 centaurs
  2 lemures (D:7)
  A phantom (D:6)
  A kobold brigand (D:8)
  6 scorpions
  A wyvern zombie (D:7)
  4 bullfrogs
  2 necrophages
  A gnoll sergeant (D:6)
  9 wights
  2 howler monkeys (D:8)
  2 bullfrog zombies (D:7)
  A centaur zombie (D:7)
  2 jellies
  7 orc priests
  3 iguanas
  Ijyb (D:3)
  Natasha (twice) (D:3)
  4 orc wizards
  2 howler monkey zombies (D:7)
  11 gnolls
  7 adders
  2 shadow imps (D:4)
  A white imp (D:7)
  An ufetubus (D:4)
  3 worms
  A dart slug (D:1)
  37 orcs
  4 ball pythons
  2 bats
  5 endoplasms
  A giant cockroach (D:1)
  6 goblins
  3 hobgoblins
  8 jackals
  9 kobolds
  A quokka (D:1)
  2 frilled lizards (D:2)
  8 rats
  A spectral hobgoblin (D:3)
205 creatures vanquished.

Vanquished Creatures (others)
  22 fungi
  16 plants (D:8)
38 creatures vanquished.

Grand Total: 243 creatures vanquished

Notes
Turn   | Place    | Note
-------+----------+-------------------------------------------
     0 | D:1      | rabbitsville the Minotaur Hunter began the quest for the
                  | Orb.
     0 | D:1      | Reached XP level 1. HP: 18/18 MP: 0/0
   173 | D:1      | Reached XP level 2. HP: 25/25 MP: 1/1
   195 | D:1      | Reached skill level 5 in Crossbows
   786 | D:1      | Reached skill level 1 in Armour
   786 | D:1      | Reached XP level 3. HP: 30/30 MP: 2/2
  1191 | D:2      | Noticed Sigmund
  1200 | D:2      | Killed Sigmund
  1201 | D:2      | Reached skill level 6 in Crossbows
  1201 | D:2      | Reached XP level 4. HP: 36/37 MP: 3/3
  1201 | D:2      | Reached XP level 5. HP: 41/42 MP: 4/4
  1242 | D:2      | Found a runed translucent door.
  1243 | D:2      | Noticed Crazy Yiuf
  1407 | D:2      | Reached skill level 7 in Crossbows
  1445 | D:2      | Identified the +1 chain mail of Refuge {Str+4 Int+3}
  1506 | D:2      | Reached XP level 6. HP: 35/50 MP: 5/5
  1763 | D:3      | Found a faded altar of an unknown god.
  1795 | D:3      | Identified the +3 robe of the Game of Kings {SInv}
  1835 | D:3      | Found an ornate altar of the Wu Jian Council.
  2231 | D:3      | Noticed Natasha
  2233 | D:3      | Killed Natasha
  2363 | D:3      | Noticed Natasha
  2366 | D:3      | Killed Natasha
  2424 | D:3      | Noticed Ijyb
  2443 | D:3      | Killed Ijyb
  2558 | D:4      | Found a transporter.
  2572 | D:3      | Noticed Natasha
  2621 | D:4      | Found a transporter.
  2646 | D:4      | Reached skill level 8 in Crossbows
  3015 | D:4      | Reached XP level 7. HP: 56/56 MP: 6/6
  3204 | D:4      | Found a staircase to the Ecumenical Temple.
  3216 | Temple   | Entered the Ecumenical Temple
  3479 | D:5      | Entered Level 5 of the Dungeon
  3636 | D:5      | Reached skill level 5 in Armour
  3982 | D:5      | Reached skill level 9 in Crossbows
  4478 | D:6      | Reached XP level 8. HP: 62/62 MP: 7/7
  4569 | D:6      | Found Saoqoc's Armour Shop.
  4865 | D:6      | Reached skill level 10 in Crossbows
  5661 | D:7      | Reached skill level 11 in Crossbows
  6009 | D:7      | Found a basalt altar of Yredelemnul.
  6052 | D:7      | Reached XP level 9. HP: 21/68 MP: 8/8
  6756 | D:7      | Reached skill level 12 in Crossbows
  6990 | D:4      | Reached skill level 1 in Shields
  7426 | D:7      | Noticed Pikel
  7444 | D:7      | Killed Pikel
  7445 | D:7      | Reached skill level 5 in Fighting
  7699 | D:8      | Found an ancient bone altar of Kikubaaqudgha.
  7731 | D:7      | Reached skill level 5 in Shields
  8581 | D:8      | Reached XP level 10. HP: 81/81 MP: 9/9
  9258 | D:8      | Found a staircase to the Lair.
  9779 | D:8      | Found an opulent altar of Gozag.
  9779 | D:8      | Found a sparkling altar of Nemelex Xobeh.
 10310 | D:9      | Found a staircase to the Orcish Mines.
 10585 | Lair:1   | Entered Level 1 of the Lair of Beasts
 10780 | Lair:1   | Noticed a cane toad
 10793 | Lair:1   | Killed a cane toad
 11121 | Lair:1   | Reached skill level 10 in Fighting
 11129 | Lair:1   | Noticed a cane toad
 11141 | Lair:1   | Noticed a cane toad
 11229 | D:8      | HP: 3/93 [poisoned by a cane toad]
 11229 | D:8      | Mangled by a cane toad

Illustrated notes

Levels and vault maps discovered:
D:1:      roderic_octagonal_star, layout_basic, minmay_tetromino_t2
D:2:      minmay_spotlight, layout_rooms, st_stairs_5, uniq_crazy_yiuf_cottage,
          uniq_sigmund
D:3:      layout_basic, nicolae_overflow_hidden_temple,
          dreamdust_ecumenical_altar_drowned_temple, uniq_natasha, uniq_ijyb
D:4:      gammafunk_wand_slinger, layout_cave_pools,
          minmay_temple_entry_poolview
D:5:      layout_cave_pools, serial_column_ruins, column_ruins_courtyard_long,
          column_ruins_courtyard_long, column_ruins_corridor_straight,
          column_ruins_open_tiny, column_ruins_corridor_straight,
          column_ruins_open_medium, column_ruins_columns_straight,
          minmay_misc_feat_ornament, nrook_uturn
D:6:      layout_basic, serial_shops, shop
D:7:      layout_loops_cross, nicolae_yredelemnul_corpse_copse, uniq_pikel
D:8:      layout_loops_ring, grunt_temple_overflow_opulence,
          mainiacjoe_overflow_small_starburst, grunt_lair_entry_orc_guard_hut,
          special_room [special_room_orc]
D:9:      layout_roguey [special_room_orc], mainiacjoe_overflow_paths,
          gammafunk_temple_overflow_forgotten, minmay_orc_entry_guard_dogs,
          special_room [special_room_orc], minmay_holes
Temple:   jpeg_temple_clearing
Lair:1:   layout_gridlike, beast_lair_carwin_10, grunt_megastairs_4

Skill      XL: |  1  2  3  4  5  6  7  8  9 10 |
---------------+-------------------------------+-----
Crossbows      | 5 6 7 8 9 11 12 | 12.0
Armour         | 1 3 4 5 7 8 |  8.2
Shields        | 6 9 |  9.6
Fighting       | 6 10 | 10.0
Dodging        | |  2.1
Stealth        | |  0.7

Action                   |  1- 3 |  4- 6 |  7- 9 | 10-12 || total
-------------------------+-------+-------+-------+-------++-------
Melee: Dagger            |    10 |    31 |   123 |   136 ||   300
       Headbutt          |     2 |     7 |    41 |    38 ||    88
       Punch             |       |     1 |     2 |       ||     3
       Long sword        |       |       |    18 |       ||    18
 Fire: Hand crossbow     |    73 |    73 |   282 |   120 ||   548
  Use: Potion            |       |       |     4 |     5 ||     9
       Scroll            |       |       |     5 |       ||     5
Armor: Leather armour    |     9 |     1 |       |       ||    10
       Chain mail        |       |    16 |   138 |    76 ||   230
Dodge: Dodged            |    25 |    18 |   133 |    75 ||   251
Block: Tower shield      |       |       |    46 |       ||    46
       Buckler           |       |       |     6 |    79 ||    85

Table legend: (Time is in decaauts)
 A = Elapsed time spent in this place.
 B = Non-inter-level travel time spent in this place.
 C = Inter-level travel time spent in this place.
 D = Time resting spent in this place.
 E = Time spent auto-exploring this place.
 F = Levels seen in this place.
 G = Mean time per level.
                   A        B        C        D        E       F      G
               +--------+--------+--------+--------+--------+-----+--------+
         Total |  11423 |  10707 |    716 |   2420 |   5968 |  11 | 1038.5 |
       Dungeon |  10725 |  10023 |    702 |   1979 |   5849 |   9 | 1191.7 |
        Temple |    138 |    124 |     14 |      0 |    109 |   1 |  138.0 |
          Lair |    559 |    559 |      0 |    441 |     10 |   1 |  559.0 |
               +--------+--------+--------+--------+--------+-----+--------+

Top non-repeatable levels by time:
     D:8: 2973 daAuts
     D:7: 1876 daAuts
     D:6: 1306 daAuts
     D:1: 1158 daAuts
     D:4: 1003 daAuts
     D:3: 890 daAuts
     D:5: 869 daAuts
     D:2: 636 daAuts
  Lair:1: 559 daAuts
  Temple: 138 daAuts
     D:9: 11 daAuts
